 Dungeon Crawl Stone Soup version 0.31.0-1-g2c135a008e (webtiles) character file.

Game seed: 16777774949328568746

357 qw the Shooter (level 6, 0/46 HPs)
             Began as a Djinni Hunter on Jan 23, 2024.
             Was an Initiate of Okawaru.
             Slain by Duvessa
             ... wielding a +0 short sword
              (4 damage)
             ... on level 4 of the Dungeon.
             The game lasted 00:00:12 (2628 turns).

qw the Shooter (Djinni Hunter)                      Turns: 2628, Time: 00:00:13

Health: 0/46       AC:  8    Str: 10    XL:     6   Next: 96%
Gold:   159        EV: 16    Int: 11    God:    Okawaru [......] SH:  0 Dex: 18

rFire   + + .        a - +0 shortbow (flame)
rCold   x . .        (shield currently unavailable)
rNeg    . . .        d - +0 ring mail
rPois   inf          m - +0 helmet
rElec   .            c - +0 cloak
rCorr   .            f - +0 pair of gloves
SInv    +            (boots unavailable)
Will    .....        (no amulet)
Stlth   +            e - ring of see invisible
HPRegen 0.27/turn    b - +5 ring of evasion
MPRegen 0.00/turn

%: infuse magic (-1 HP)
@: about to teleport, flying
A: sickness immunity, fire resistance 2, cold vulnerability 1, float, innate
caster, HP casting, extra vitality 1
a: Renounce Religion


You were on level 4 of the Dungeon.
You worshipped Okawaru.
Okawaru was noncommittal.
You visited 1 branch of the dungeon, and saw 4 of its levels.

You collected 159 gold pieces.


Innate Abilities, Weirdness & Mutations

You are immune to sickness and miasma.
You are immune to poison.
Your flesh is very heat resistant. (rF++)
You are vulnerable to cold. (rC-)
You float through the air rather than walking.
You learn spells naturally, not from books.
Your magical power is your life essence.
You have superior vitality. (+4 MHP)


   Skills:
 + Level 3.3 Fighting
 - Level 5.0 Ranged Weapons
 - Level 2.5 Armour
 - Level 3.4 Dodging
 - Level 0.7 Stealth


You knew the following spells:

 Your Spells              Type           Power      Damage    Failure   Level
a - Sting                 Conj/Alch      0%         1d3       65%         1
b - Momentum Strike       Conj/Tloc      0%         3d8       78%         2
Your spell library was empty.

Inventory:

Hand Weapons
 a - a +0 shortbow of flaming (weapon)
Armour
 c - a +0 cloak (worn)
 d - a +0 ring mail (worn)
 f - a +0 pair of gloves (worn)
 m - a +0 helmet (worn)
Jewellery
 b - a +5 ring of evasion (right hand)
 e - a ring of see invisible (left hand)
 i - a ring of fire
Wands
 k - a wand of iceblast (9)
 r - a wand of polymorph (5)
Potions
 g - a potion of degeneration {unknown}
 h - a potion of heal wounds {unknown}
 l - a potion of ambrosia {unknown}
 o - a potion of curing {unknown}
 p - a potion of haste {unknown}

Dungeon Overview and Level Annotations

Branches:
Dungeon (4/15)
 Temple: D:4-7

Altars:
Okawaru

Annotations:
D:4 Duvessa


Message History

2617 ||| RETREEEEATING.
Duvessa goes berserk!
2618 ||| RETREEEEATING.
The iguana attacks as it pursues you! The iguana bites you!
You see here a +0 flail.
2619 ||| RETREEEEATING.
You shoot an arrow. The arrow hits the iguana.
The arrow burns the iguana.
The iguana is severely wounded.
The iguana barely misses you.
You shoot an arrow. The arrow hits the iguana.
The arrow burns the iguana.
You kill the iguana!
Okawaru accepts your kill.
2622 ||| ZAPPING wand of iceblast (10) at 0,-2 (Duvessa; floor).
Aiming: Iceblast
Press: ? - help, Q - select action, (/) - cycle Shift-Dir - straight line, f - Duvessa The mass of ice explodes!
The iceblast engulfs Duvessa!
Duvessa is moderately wounded.
The iceblast engulfs the hobgoblin!
You kill the hobgoblin!
Okawaru accepts your kill. Duvessa hits you with a +0 short sword.
You shoot an arrow. The arrow barely misses Duvessa.
Duvessa hits you but does no damage. Duvessa completely misses you.
You shoot an arrow. The arrow barely misses Duvessa.
Duvessa barely misses you.
You shoot an arrow. The arrow hits Duvessa!
The arrow burns Duvessa.
Duvessa is heavily wounded.
Duvessa hits you but does no damage. Duvessa hits you with a +0 short sword!
You shoot an arrow. The arrow completely misses Duvessa.
Duvessa hits you but does no damage. Duvessa barely misses you.
You shoot an arrow. The arrow hits Duvessa.
The arrow burns Duvessa.
Duvessa is heavily wounded.
Duvessa hits you with a +0 short sword!
A quokka comes into view.
Duvessa misses you.
2628 ||| READING scroll of teleportation.
As you read the scroll of teleportation, it crumbles to dust.
You feel strangely unstable. Duvessa hits you with a +0 short sword.
You die...

#. #.## .#...
.. #... )....
#.##..###..#...
.....#.e..))e.
#..#)#..%..e
#.)(.# ...##
#>r### ..# ##e#
.# #@# # #.#
#.# #(# #.#
##########.#
#........#.#
#.#####)##.#
#######.#
#)##.#


You could see Duvessa (berserk) and a quokka.

Vanquished Creatures
  Dowan (D:4)
  A hound (D:4)
  An iguana (D:4)
  Robin (D:3)
  6 gnolls (D:4)
  8 adders
  3 dart slugs
  A ribbon worm (D:3)
  8 orcs
  3 ball pythons (D:1)
  5 endoplasms
  5 giant cockroaches
  13 goblins
  13 hobgoblins
  9 kobolds
  7 bats
  7 frilled lizards
  11 rats
103 creatures vanquished.

Vanquished Creatures (others)
  A gnoll (D:4)
1 creature vanquished.

Grand Total: 104 creatures vanquished

Notes
Turn   | Place    | Note
-------+----------+-------------------------------------------
     0 | D:1      | qw the Djinni Hunter began the quest for the Orb.
     0 | D:1      | Reached XP level 1. HP: 18/18 MP: 0/0
     0 | D:1      | 0 ||| qw: Version: 0.3-a-135-gb77e89d
     0 | D:1      | 0 ||| qw: Game counter: 963
     0 | D:1      | 0 ||| qw: Melee chars always use a shield: true
     0 | D:1      | 0 ||| qw: God list: Okawaru
     0 | D:1      | 0 ||| qw: Allow faded altars: false
     0 | D:1      | 0 ||| qw: Do Orc after clearing Dungeon:15 true
     0 | D:1      | 0 ||| qw: Do second Lair branch before Depths: true
     0 | D:1      | 0 ||| qw: Lair rune preference: random
     0 | D:1      | 0 ||| qw: Goals: Normal
     0 | D:1      | 0 ||| PLANNING D:1-11
    50 | D:1      | Reached XP level 2. HP: 23/23 MP: 0/0
   202 | D:1      | Found a faded altar of an unknown god.
   358 | D:1      | Reached XP level 3. HP: 28/28 MP: 0/0
   358 | D:1      | Learned a level 1 spell: Sting
   387 | D:1      | Reached skill level 4 in Ranged Weapons
   536 | D:1      | 536 ||| UPGRADING to +0 ring mail.
   546 | D:1      | 546 ||| DROPPING +0 leather armour.
   547 | D:1      | 547 ||| UPGRADING to +0 pair of gloves.
   552 | D:1      | 552 ||| UPGRADING to ring of see invisible.
   553 | D:1      | 553 ||| READING scroll labelled BONAZU OTOFIY.
   556 | D:1      | 556 ||| READING scroll labelled OLELUTHAOTU.
   657 | D:1      | 657 ||| DROPPING scroll of butterflies.
   688 | D:2      | Reached skill level 1 in Armour
   706 | D:2      | 706 ||| FLEEEEING.
   711 | D:2      | 711 ||| FLEEEEING.
   712 | D:2      | 712 ||| STAIRDANCE
   728 | D:2      | 728 ||| STAIRDANCE
   775 | D:2      | Reached XP level 4. HP: 32/34 MP: 0/0
   811 | D:2      | Reached skill level 3 in Fighting
  1400 | D:2      | 1400 ||| UPGRADING to +0 cloak.
  1405 | D:2      | 1405 ||| UPGRADING to +5 ring of evasion.
  1406 | D:2      | 1406 ||| READING scroll labelled GET YPUEHYBUO.
  1406 | D:2      | 1406 ||| BRANDING +0 shortbow.
  1407 | D:2      | 1407 ||| DRINKING 2 bubbling grey potions.
  1408 | D:2      | 1408 ||| DROPPING potion of attraction.
  1449 | D:3      | 1449 ||| STAIRDANCE
  1477 | D:3      | Reached XP level 5. HP: 40/40 MP: 0/0
  1477 | D:3      | Learned a level 2 spell: Momentum Strike
  1517 | D:3      | Noticed Robin
  1542 | D:3      | Killed Robin
  1543 | D:3      | 1543 ||| FLEEEEING.
  1544 | D:3      | 1544 ||| FLEEEEING.
  1545 | D:3      | 1545 ||| FLEEEEING.
  1546 | D:3      | 1546 ||| FLEEEEING.
  1547 | D:3      | 1547 ||| FLEEEEING.
  1548 | D:3      | 1548 ||| FLEEEEING.
  1549 | D:3      | 1549 ||| FLEEEEING.
  1550 | D:3      | 1550 ||| FLEEEEING.
  1551 | D:3      | 1551 ||| FLEEEEING.
  1552 | D:3      | 1552 ||| FLEEEEING.
  1553 | D:3      | 1553 ||| FLEEEEING.
  1554 | D:3      | 1554 ||| FLEEEEING.
  1555 | D:3      | 1555 ||| FLEEEEING.
  1556 | D:3      | 1556 ||| FLEEEEING.
  1557 | D:3      | 1557 ||| FLEEEEING.
  1558 | D:3      | 1558 ||| FLEEEEING.
  1559 | D:3      | 1559 ||| FLEEEEING.
  1560 | D:3      | 1560 ||| FLEEEEING.
  1561 | D:3      | 1561 ||| FLEEEEING.
  1562 | D:3      | 1562 ||| FLEEEEING.
  1563 | D:3      | 1563 ||| FLEEEEING.
  1564 | D:3      | 1564 ||| FLEEEEING.
  1565 | D:3      | 1565 ||| FLEEEEING.
  1566 | D:3      | 1566 ||| FLEEEEING.
  1567 | D:3      | 1567 ||| FLEEEEING.
  2134 | D:3      | Found an iron altar of Okawaru.
  2135 | D:3      | 2135 ||| PLANNING OKAWARU WORSHIP
  2135 | D:3      | 2135 ||| UPGRADING to +0 helmet.
  2140 | D:3      | 2140 ||| DROPPING +6 ring of intelligence.
  2141 | D:3      | 2141 ||| READING scroll labelled ORPHAYLLA GOAHU.
  2150 | D:3      | Became a worshipper of Warmaster Okawaru
  2151 | D:3      | 2151 ||| PLANNING D:1-11
  2434 | D:4      | Reached skill level 5 in Ranged Weapons
  2438 | D:4      | Reached XP level 6. HP: 46/46 MP: 0/0
  2511 | D:4      | Reached skill level 3 in Dodging
  2606 | D:4      | Noticed Dowan
  2608 | D:4      | Noticed Duvessa
  2608 | D:4      | 2608 ||| RETREEEEATING.
  2611 | D:4      | 2611 ||| RETREEEEATING.
  2615 | D:4      | Killed Dowan
  2617 | D:4      | 2617 ||| RETREEEEATING.
  2618 | D:4      | 2618 ||| RETREEEEATING.
  2619 | D:4      | 2619 ||| RETREEEEATING.
  2622 | D:4      | 2622 ||| ZAPPING wand of iceblast (10) at 0,-2 (Duvessa;
                  | floor).
  2627 | D:4      | HP: 3/46 [Duvessa/+0 short sword (11)]
  2628 | D:4      | 2628 ||| READING scroll of teleportation.
  2628 | D:4      | Slain by Duvessa

Levels and vault maps discovered:
D:1:      dpeg_arrival_ratfight, layout_basic, nicolae_ecumenical_snake_handling
D:2:      layout_loops_ring, nicolae_concentric_dashed_squares_mild,
          kennysheep_generic_room_11
D:3:      layout_basic, mainiacjoe_overflow_alcove_2, uniq_robin
D:4:      layout_basic, makhleb_heckhound_becter, lemuel_temple_firewalk_b,
          uniq_blork_the_orc, uniq_duvessa, uniq_grinder, uniq_natasha

Skill      XL: |  1  2  3  4  5  6 |
---------------+-------------------+-----
Ranged Weapons | 4 5 |  5.0
Armour         | 1 2 |  2.5
Fighting       | 3 |  3.3
Dodging        | 3 |  3.4
Stealth        | |  0.7

Action                     |  1- 3 |  4- 6 || total
---------------------------+-------+-------++-------
   Fire: Shortbow          |    88 |   228 ||   316
  Evoke: Wand              |       |     1 ||     1
    Use: Scroll            |     2 |     3 ||     5
         Potion            |       |     1 ||     1
 Armour: Leather armour    |     8 |       ||     8
         Ring mail         |    16 |    94 ||   110
  Dodge: Dodged            |    27 |    95 ||   122

Table legend:
 A = Non-vault XP
 B = Vault XP
 C = Vault XP percentage of total XP
 D = Non-vault monster count
 E = Vault monster count
 F = Vault count percentage of total count
                 A         B        C        D         E       F
            +---------+---------+-------+---------+---------+-------
      Total |     397 |     113 |  22.2 |      83 |      20 |  19.4
            +---------+---------+-------+---------+---------+-------
        D:1 |      31 |       8 |  20.5 |      19 |       7 |  26.9
        D:2 |      89 |       2 |   2.2 |      24 |       1 |   4.0
        D:3 |      70 |      34 |  32.7 |      19 |      11 |  36.7
        D:4 |     207 |      69 |  25.0 |      21 |       1 |   4.5
            +---------+---------+-------+---------+---------+-------
